 Dungeon Crawl Stone Soup version 0.27-a0-1342-ga99462a43c (webtiles) character file.

Game seed: 10465695077656832636

44317 Conn the Eclecticist (level 13, -11/69 HPs)
             Began as a Felid Conjurer on June 27, 2021.
             Was a High Priest of Sif Muna.
             Killed by divine providence
             ... invoked by a meliai
              (15 damage)
             ... on level 2 of the Spider Nest.
             The game lasted 03:41:27 (42467 turns).

Conn the Eclecticist (Felid Conjurer)              Turns: 42467, Time: 03:41:29

Health: -11/69     AC: 26    Str:  4    XL:     13   Next: 95%
Magic:  8/33       EV:  4    Int: 37    God:    Sif Muna [*****.]
Gold:   2284       SH:  0    Dex: 17    Spells: 3/42 levels left
                                        Lives:  0   Deaths: 4

rFire    . . .     SeeInvis +     - Unarmed
rCold    . . .     Faith    .   (shield unavailable)
rNeg     + + +     Spirit   .   (armour unavailable)
rPois    +         Reflect  .   (helmet unavailable)
rElec    .         Harm     .   (cloak unavailable)
rCorr    .         Rampage  .   (gloves unavailable)
Will     .....     NoTele   +   (boots unavailable)
Stlth    ++++......             (no amulet)
HPRegen  0.21/turn              o - +6 ring of intelligence
MPRegen  0.23/turn              G - ring of Mounedal {rPois Will- Str-2 Int+8 SInv}

@: tree-form, marked
A: stationary, stasis, torment immunity, boosted hp, very small, (claws 1),
(fangs 3), see invisible, (speed 1), (shaggy fur 3), (stealthy paws), no weapons
or thrown items, no armour, multi-lived, frail 1, strong 1
a: Renounce Religion, Channel Magic, Forget Spell, Divine Exegesis


You were on level 2 of the Spider Nest.
You worshipped Sif Muna.
Sif Muna was extremely pleased with you.
You were a tree.
You visited 5 branches of the dungeon, and saw 24 of its levels.
You also visited: Ossuary and Ice Cave.

You collected 2284 gold pieces.

Inventory:

Jewellery
 a - a +4 ring of protection
 b - a +4 ring of slaying
 o - a +6 ring of intelligence (left branch)
 r - a ring of flight
 t - an amulet of guardian spirit
 v - a ring of protection from fire
 x - a ring of resist corrosion
 y - a +4 ring of slaying
 C - a +6 ring of dexterity
 G - the ring of Mounedal (right branch) {rPois Will- Str-2 Int+8 SInv}
   (You found it on level 3 of the Lair of Beasts)

   [ring of poison resistance]

   It affects your strength (-2).
   It affects your intelligence (+8).
   It protects you from poison.
   It lets you see invisible.
   It decreases your willpower.
 H - a ring of poison resistance
Wands
 c - a wand of paralysis (19)
 d - a wand of iceblast (7)
 k - a wand of acid (5)
 l - a wand of flame (86)
 p - a wand of charming (3)
 z - a wand of digging (3)
 J - a wand of polymorph (6)
Scrolls
 j - 8 scrolls of teleportation
 m - 3 scrolls of immolation
 u - 3 scrolls of torment
 w - 2 scrolls of blinking
 A - 12 scrolls of identify
 D - a scroll of magic mapping
 E - a scroll of fog
 F - a scroll of summoning
Potions
 e - a potion of invisibility
 f - 3 potions of attraction
 g - 2 potions of ambrosia
 i - 6 potions of magic
 n - 5 potions of curing
 q - 2 potions of berserk rage
 s - 6 potions of flight
 B - 3 potions of brilliance
 I - a potion of resistance


   Skills:
 + Level 4.3 Fighting
 + Level 9.1 Dodging
 + Level 8.2 Stealth
 + Level 4.8 Unarmed Combat
 + Level 15.2 Spellcasting
 + Level 14.9 Conjurations
 + Level 6.0 Hexes
 + Level 5.7 Translocations
 - Level 1.0 Transmutations
 * Level 7.6 Fire Magic
 + Level 2.8 Ice Magic
 + Level 6.0 Air Magic
 - Level 1.1 Poison Magic
 - Level 7.0 Invocations
 + Level 1.3 Evocations


You had 3 spell levels left.
You knew the following spells:

 Your Spells              Type           Power      Damage    Failure   Level
a - Magic Dart            Conj           100%       1d8       0%          1
b - Searing Ray           Conj           100%       3d7       0%          2
c - Airstrike             Air            32%        N/A       1%          4
d - Iskenderun's Mystic   Conj/Tloc      81%        2d16      1%          4
e - Orb of Destruction    Conj           47%        9d15      2%          7
f - Shock                 Conj/Air       100%       1d9       1%          1
g - Fireball              Conj/Fire      42%        3d17      1%          5
i - Sticky Flame          Conj/Fire      84%        2d10      1%          4
j - Mephitic Cloud        Conj/Pois/Air  70%        N/A       1%          3
k - Ignite Poison         Fire/Tmut/Pois 51%        N/A       1%          3
l - Freezing Cloud        Conj/Ice/Air   36%        6-21      1%          5

Your spell library contained the following spells:

 Spells                   Type           Power      Damage    Failure   Level
 Foxfire                  Conj/Fire      100%       2x1d9     0%          1
 Animate Skeleton         Necr           56%        N/A       1%          1
 Apportation              Tloc           100%       N/A       1%          1
 Corona                   Hex            72%        N/A       1%          1
 Freeze                   Ice            100%       1d11      1%          1
 Sandblast                Erth           56%        2d13      1%          1
 Sting                    Tmut/Pois      100%       1d8       1%          1
 Summon Small Mammal      Summ           100%       N/A       1%          1
 Corpse Rot               Necr/Air       N/A        N/A       1%          2
 Ensorcelled Hibernation  Hex/Ice        100%       N/A       1%          2
 Passwall                 Tmut/Erth      26%        N/A       1%          2
 Poisonous Vapours        Pois/Air       100%       N/A       1%          2
 Slow                     Hex            65%        N/A       1%          2
 Static Discharge         Conj/Air       81%        N/A       1%          2
 Sublimation of Blood     Necr           14%        N/A       1%          2
 Conjure Flame            Conj/Fire      84%        6-21      1%          3
 Dazzling Flash           Conj/Hex       100%       N/A       1%          3
 Inner Flame              Hex/Fire       68%        N/A       1%          3
 Stone Arrow              Conj/Erth      100%       3d13      1%          3
 Swiftness                Air            64%        N/A       1%          3
 Call Canine Familiar     Summ           28%        N/A       3%          3
 Fulminant Prism          Conj/Hex       41%        3d20      1%          4
 Lightning Bolt           Conj/Air       40%        1d59      1%          5
 Starburst                Conj/Fire      42%        8x6d12    1%          6
 Silence                  Hex/Air        32%        N/A       3%          5
 Ice Form                 Ice/Tmut       42%        N/A       6%          4
 Summon Ice Beast         Ice/Summ       38%        N/A       7%          4
 Olgreb's Toxic Radiance  Pois           36%        N/A       9%          4
 Iron Shot                Conj/Erth      35%        9d7       9%          6
 Petrify                  Tmut/Erth      32%        N/A       11%         4
 Dispel Undead            Necr           28%        3d13      13%         4
 Alistair's Intoxication  Tmut/Pois      24%        N/A       22%         5
 Agony                    Necr           28%        N/A       34%         5
 Lee's Rapid Deconstruct  Erth           14%        3d10*     34%         5
 Simulacrum               Ice/Necr       19%        N/A       73%         6
 Ozocubu's Refrigeration  Ice            24%        4d9       98%         7
 Chain Lightning          Conj/Air       40%        3d54      100%        9
 Excruciating Wounds      Necr           Unusable   N/A       N/A         5

Dungeon Overview and Level Annotations

Branches:
Dungeon (13/15)            Temple (1/1) D:4            Lair (6/6) D:10
 Shoals (0/4) Lair:2       Spider (2/4) Lair:2        Slime (0/5) Lair:6
    Orc (2/2) D:12            Elf (0/3) Orc:2       Ossuary (visited)
  IceCv (visited)
 Vaults: D:13-14

Altars:
Cheibriados
Dithmenos
Elyvilon
Hepliaklqana
Kikubaaqudgha
Makhleb
Nemelex Xobeh
Okawaru
Ru
Sif Muna
Uskayaw
Vehumet
Wu Jian
Xom
Yredelemnul
Zin
The Shining One
Beogh
Jiyva

Shops:
Orc:2 [*[:(

Annotations:
D:8 2 transporters, stripedtigrrr's ghost, novice OpSu


Innate Abilities, Weirdness & Mutations

You are a tree.
Your roots penetrate the ground, keeping you stationary.
You cannot be teleported.
You are immune to unholy pain and torment.
Your maximum health is greatly increased.
((You have sharp claws.))
((You have razor-sharp teeth.))
You have supernaturally acute eyesight. (SInv)
((You cover ground quickly. (Speed+)))
((Your thick and shaggy fur keeps you warm. (AC +3, rC+)))
((Your paws help you pounce on unaware monsters.))
You are incapable of wielding weapons or throwing items.
You cannot wear armour.
You gain extra lives every three experience levels.
You are frail. (-10% HP)
Your muscles are strong. (Str +2)


Message History

The redback slams into the rock wall!
The mystic blast hits the wolf spider.
The wolf spider is heavily wounded.
The wolf spider is knocked back by the mystic blast.
The mystic blast hits the jumping spider!!
The jumping spider is severely wounded.
The jumping spider is knocked back by the mystic blast.
The mystic blast hits the redback!!
You kill the redback!
Sif Muna accepts your kill.
The mystic blast hits the meliai!
The meliai is heavily wounded.
The meliai is knocked back by the mystic blast.
The meliai slams into the rock wall!
The meliai calls upon its god to heal the meliai.
The meliai is healed somewhat.
The meliai hits you with a +0 war axe.
* * * LOW HITPOINT WARNING * * *
The meliai stings you but does no damage.
Okay, then.
Unknown command.
Unknown command.
Casting: Iskenderun's Mystic Blast (safe; 1% risk of failure)
Confirm with . or Enter, or press ? or * to list all spells.
You erupt in a blast of force!
The mystic blast hits the redback!
You kill the redback!
Sif Muna accepts your kill.
The mystic blast hits the jumping spider!
The jumping spider is almost dead.
The jumping spider is knocked back by the mystic blast.
The mystic blast hits the jumping spider!!
You kill the jumping spider!
Sif Muna accepts your kill.
The mystic blast hits the boulder beetle!!
The boulder beetle is moderately wounded.
The mystic blast hits the meliai.
The meliai is severely wounded.
The meliai is knocked back by the mystic blast.
The meliai slams into the rock wall!
The meliai invokes the aid of its god against you.
Something smites you!
You die...

#.... .......... ...#
....#.... .^..# .....#.####
..#... #.........## ......#
##..#.......#
#..<...##.#.##......#
..#.....#....#..#.......#
...........s..).♣.†s...##
...........#....yB.....#
...s^°........†.##ys..##
(.s#.#.....†......s....#
#.s.s.....†.#^........##
....................#..#
..<.(..#.......###s....###
.ys.......#.#..#......°<.##
..s.............s..#.#○..^#


You could see a boulder beetle, a demonic crawler, a wolf spider, a jumping
spider, a redback and 2 meliai.

Vanquished Creatures
  Frances (D:12)
  Gastronok (D:12)
  A frost giant (IceCv)
  An orc warlord (Orc:2)
  Nessos (D:12)
  Azrael (Orc:2)
  Snorg (D:12)
  The ghost of Dwad the Severer, a journeyman HOFi of Qazlal (Lair:3)
  2 boulder beetles (D:12)
  Harold (Orc:1)
  A death knight (D:11)
  14 hydras
  20 death yaks
  3 two-headed ogres
  A deep troll shaman (Lair:6)
  3 catoblepae
  Urug (D:10)
  3 orc high priests (Orc:2)
  Sonja (Lair:3)
  A lindwurm (Lair:6)
  Pikel (D:7)
  3 orc knights (Orc:2)
  A deep elf pyromancer (D:13)
  4 orb spiders (Spider:1)
  5 orc sorcerers (Orc:2)
  The ghost of BlueGoblin the Frost Mage, a novice VSIE of Kikubaaqudgha (D:6)
  4 ugly things
  5 wolf spiders
  17 elephants (Lair:6)
  An ice statue (IceCv)
  8 black mambas
  2 torpor snails
  12 cane toads
  A gargoyle (D:10)
  A kobold demonologist (D:12)
  3 rime drakes
  7 demonic crawlers
  Maggie (D:8)
  9 komodo dragons
  4 trolls
  A meliai (Spider:2)
  20 polar bears
  5 jumping spiders
  8 blink frogs
  3 hornets
  3 dream sheep (Lair:6)
  A shadow (D:11)
  8 tarantellas
  26 redbacks
  5 wyverns
  4 fire elementals
  7 basilisks
  Grum (D:8)
  8 vampire mosquitoes
  2 steam dragons
  73 yaks
  5 wargs
  2 hell hounds (Orc:2)
  16 water moccasins
  8 ice beasts (D:11)
  2 sky beasts
  31 orc warriors
  3 black bears
  2 necrophages
  7 ogres
  2 centaurs
  43 wolves
  A lemure (D:7)
  3 phantoms
  A kobold brigand (D:6)
  13 bullfrogs
  A wyvern zombie (D:9)
  3 scorpions
  A killer bee (D:9)
  5 wights (D:7)
  3 electric eels
  A howler monkey (D:9)
  5 centaur zombies
  A bullfrog zombie (D:5)
  Crazy Yiuf (D:3)
  20 orc priests
  2 jellies (Lair:6)
  3 hounds
  A scorpion zombie (D:5)
  2 iguanas (D:6)
  21 orc wizards
  4 hell rats
  A hound skeleton (D:4)
  A hound zombie (D:5)
  A mummy (D:7)
  Robin (D:3)
  6 adders
  3 river rats
  A shadow imp (D:6)
  An ufetubus (D:7)
  An adder zombie (D:5)
  2 worms (D:2)
  5 dart slugs
  54 orcs
  5 ball pythons
  5 bats
  6 endoplasms
  2 giant cockroaches
  6 hobgoblins
  8 jackals
  5 quokkas
  4 frilled lizards
  22 goblins
  4 kobolds
  17 rats
  2 fulminant prisms
700 creatures vanquished.

Vanquished Creatures (collateral kills)
  An orc knight (Orc:1)
  5 elephants (Lair:6)
  A black mamba (Lair:6)
  A cane toad (Lair:6)
  2 blink frogs (Lair:6)
  4 redbacks
  4 yaks (Lair:6)
  An orc wizard (D:11)
19 creatures vanquished.

Vanquished Creatures (others)
  A wolf spider (Spider:2)
  A redback (Spider:1)
  A human (D:7)
  165 fulminant prisms
  62 fungi
  114 plants
344 creatures vanquished.

Grand Total: 1063 creatures vanquished

Notes
Turn   | Place    | Note
-------+----------+-------------------------------------------
     0 | D:1      | Conn the Felid Conjurer began the quest for the Orb.
     0 | D:1      | Reached XP level 1. HP: 7/7 MP: 4/4
   332 | D:1      | Reached XP level 2. HP: 11/11 MP: 6/6
   963 | D:1      | Reached XP level 3. HP: 14/14 MP: 0/7
  1274 | D:1      | Learned a level 2 spell: Searing Ray
  1278 | D:1      | Learned a level 3 spell: Dazzling Flash
  2319 | D:2      | Reached XP level 4. HP: 18/18 MP: 0/8
  2899 | D:3      | Reached skill level 5 in Conjurations
  3013 | D:3      | Found a runed translucent door.
  3014 | D:3      | Noticed Crazy Yiuf
  3030 | D:3      | Killed Crazy Yiuf
  3166 | D:3      | Reached XP level 5. HP: 17/21 MP: 6/10
  3303 | D:3      | Noticed Robin
  3473 | D:3      | Killed Robin
  3745 | D:4      | Found a staircase to the Ecumenical Temple.
  3748 | D:4      | Noticed an ogre
  4120 | D:4      | Reached skill level 3 in Spellcasting
  4198 | D:4      | Found a shimmering altar of Xom.
  4227 | Temple   | Entered the Ecumenical Temple
  4244 | Temple   | Became a worshipper of Sif Muna the Loreminder
  4302 | D:4      | Found a snail-covered altar of Cheibriados.
  4317 | D:4      | Killed an ogre
  4318 | D:4      | Gained mutation: You are covered in thick fur. (AC +2)
                  | [Felid growth]
  4318 | D:4      | Reached XP level 6. HP: 19/24 MP: 3/12
  4641 | D:4      | Reached skill level 1 in Unarmed Combat
  4641 | D:4      | Reached skill level 4 in Spellcasting
  4794 | D:5      | Entered Level 5 of the Dungeon
  4980 | D:5      | Found a basalt altar of Yredelemnul.
  5120 | D:5      | Reached XP level 7. HP: 23/28 MP: 4/14
  5448 | D:5      | Found an iron altar of Okawaru.
  5767 | D:5      | Reached skill level 5 in Spellcasting
  5941 | D:6      | Found a hazy altar of Hepliaklqana.
  5968 | D:6      | Noticed a yak
  5968 | D:6      | Noticed a yak
  5968 | D:6      | Noticed a yak
  5969 | D:6      | Noticed a yak
  5988 | D:6      | Reached skill level 1 in Fighting
  5988 | D:6      | Killed a yak
  5989 | D:6      | Reached XP level 8. HP: 32/32 MP: 7/17
  5990 | D:6      | Reached * piety under Sif Muna
  6149 | D:6      | Reached skill level 6 in Spellcasting
  6419 | D:6      | Learned a level 4 spell: Iskenderun's Mystic Blast
  6494 | D:6      | Found a runed translucent door.
  6494 | D:6      | Noticed BlueGoblin's ghost (novice VSIE)
  6549 | D:6      | Killed BlueGoblin's ghost
  6550 | D:6      | Reached skill level 5 in Dodging
  6550 | D:6      | Reached skill level 7 in Spellcasting
  6550 | D:6      | Reached XP level 9. HP: 24/36 MP: 8/20
  6935 | D:6      | Found a sacrificial altar of Ru.
  7379 | D:7      | Reached skill level 1 in Invocations
  7394 | D:7      | Reached skill level 1 in Translocations
  7556 | D:7      | Found a sand-covered staircase.
  7577 | Ossuary  | Entered an ossuary
  7773 | Ossuary  | Gained mutation: You possess an exceptional clarity of
                  | mind. [potion of mutation]
  7773 | Ossuary  | Gained mutation: You sometimes lose the ability to read
                  | scrolls when taking damage. [potion of mutation]
  7773 | Ossuary  | Gained mutation: Your spells are a little harder to cast,
                  | but a little more powerful. [potion of mutation]
  7890 | D:7      | Found an ancient bone altar of Kikubaaqudgha.
  7897 | D:7      | Reached skill level 5 in Stealth
  8166 | D:7      | Reached skill level 8 in Spellcasting
  8173 | D:7      | HP: 1/36 [electric eel/bolt of electricity (9)]
  8867 | D:8      | Noticed Grum
  8874 | D:8      | Killed Grum
  8995 | D:8      | Found a hide-covered altar of Uskayaw.
  9107 | D:8      | Reached XP level 10. HP: 40/40 MP: 10/23
  9411 | D:8      | Noticed Maggie
  9427 | D:8      | Learned a level 4 spell: Fulminant Prism
  9445 | D:8      | Killed Maggie
  9464 | D:8      | Noticed Pikel
  9723 | D:7      | Killed Pikel
  9724 | D:7      | Reached skill level 1 in Hexes
  9896 | D:8      | Found a transporter.
  9900 | D:8      | Found a transporter.
  9902 | D:8      | Noticed stripedtigrrr's ghost (novice OpSu)
 10170 | D:8      | Noticed a two-headed ogre
 10220 | D:8      | Killed a two-headed ogre
 10221 | D:8      | Reached skill level 9 in Spellcasting
 10323 | D:8      | Found a glowing silver altar of Zin.
 10473 | D:8      | Lost mutation: Your spells are a little harder to cast, but
                  | a little more powerful. [potion of mutation]
 10473 | D:8      | Lost mutation: You sometimes lose the ability to read
                  | scrolls when taking damage. [potion of mutation]
 10473 | D:8      | Gained mutation: You are clumsy. (Dex -2) [potion of
                  | mutation]
 10473 | D:8      | Gained mutation: You are weak. (Str -2) [potion of
                  | mutation]
 10473 | D:8      | Gained mutation: Your body sometimes deteriorates upon
                  | taking damage. [potion of mutation]
 10474 | D:8      | Lost mutation: You possess an exceptional clarity of mind.
                  | [potion of mutation]
 10474 | D:8      | Lost mutation: You are clumsy. (Dex -2) [potion of
                  | mutation]
 10474 | D:8      | Lost mutation: Your body sometimes deteriorates upon taking
                  | damage. [potion of mutation]
 10474 | D:8      | Gained mutation: You are partially covered in iridescent
                  | scales. (AC +2) [potion of mutation]
 10912 | D:9      | Noticed a two-headed ogre
 10951 | D:9      | Killed a two-headed ogre
 10952 | D:9      | Reached skill level 10 in Conjurations
 11070 | D:9      | Paralysed by a hornet for 1 turns
 11725 | D:9      | Learned a level 1 spell: Shock
 11729 | D:9      | Learned a level 3 spell: Swiftness
 11755 | D:10     | Entered Level 10 of the Dungeon
 11757 | D:10     | Noticed Urug
 11826 | D:10     | Noticed a death yak
 11827 | D:10     | Noticed a death yak
 11829 | D:10     | Noticed a gargoyle
 11832 | D:10     | Noticed a death yak
 11909 | D:9      | Killed a death yak
 11910 | D:9      | Reached XP level 11. HP: 33/45 MP: 8/25
 12534 | D:10     | Found a staircase to the Lair.
 12644 | D:10     | Reached skill level 1 in Air Magic
 12646 | D:10     | Killed a death yak
 12647 | D:10     | Reached skill level 1 in Evocations
 12647 | D:10     | Reached ** piety under Sif Muna
 12673 | D:10     | Reached skill level 10 in Spellcasting
 13333 | D:10     | Killed Urug
 13472 | D:10     | Learned a level 3 spell: Conjure Flame
 13477 | D:10     | Learned a level 4 spell: Sticky Flame
 13871 | D:11     | Noticed a red ugly thing
 13874 | D:11     | Noticed a two-headed ogre
 13884 | D:11     | Killed a two-headed ogre
 13917 | D:10     | Killed a red ugly thing
 14077 | D:11     | Reached skill level 1 in Fire Magic
 14155 | D:11     | Identified the +8 hand crossbow "Xuda" {freeze, *Slow rF+++
                  | Str+4 Stlth+}
 14230 | D:11     | Noticed an eight-headed hydra
 14258 | D:11     | Killed an eight-headed hydra
 14345 | D:11     | Noticed a death knight
 14437 | D:11     | Found a frozen archway.
 14449 | IceCv    | Entered an ice cave
 14704 | IceCv    | Gained mutation: Your thick and shaggy fur keeps you warm.
                  | (AC +3, rC+) [Felid growth]
 14704 | IceCv    | Reached XP level 12. HP: 49/49 MP: 10/27
 15552 | IceCv    | Demolished by a polar bear
 15553 | IceCv    | Reached XP level 11. HP: -15/45 MP: 20/26
 15611 | IceCv    | Reached skill level 11 in Spellcasting
 15674 | IceCv    | Reached *** piety under Sif Muna
 16428 | IceCv    | Noticed a death yak
 16472 | IceCv    | Killed a death yak
 16473 | IceCv    | Reached skill level 5 in Invocations
 16963 | IceCv    | Noticed a death yak
 16963 | IceCv    | Noticed a frost giant
 17178 | IceCv    | HP: 1/45 [polar bear (4)]
 17839 | IceCv    | Killed a death yak
 18408 | IceCv    | Killed a frost giant
 18409 | IceCv    | Reached XP level 12. HP: 20/49 MP: 4/28
 18686 | D:11     | Identified the +10 mace "Asicsid" {vorpal, Str+3}
 19264 | D:12     | Noticed a boulder beetle
 19267 | D:12     | Noticed an eight-headed hydra
 19269 | D:12     | Noticed a boulder beetle
 19668 | D:12     | Noticed Frances
 19674 | D:12     | Learned a level 3 spell: Mephitic Cloud
 19678 | D:12     | Learned a level 3 spell: Ignite Poison
 19685 | D:12     | Learned a level 5 spell: Fireball
 19691 | D:12     | Noticed Snorg
 19902 | D:11     | Killed by mirror damage
 19903 | D:11     | Reached XP level 11. HP: 0/45 MP: 17/27
 20058 | D:12     | Killed Frances
 20186 | D:12     | Killed Snorg
 20187 | D:12     | Reached skill level 1 in Transmutations
 20187 | D:12     | Reached skill level 1 in Poison Magic
 20309 | D:12     | Noticed a seven-headed hydra
 20318 | D:12     | Killed a seven-headed hydra
 20319 | D:12     | Reached skill level 12 in Spellcasting
 20320 | D:12     | Noticed Nessos
 20640 | Lair:1   | Entered Level 1 of the Lair of Beasts
 20958 | Lair:1   | Identified the +10 spear "Jetupp" {venom, Str+3}
 21012 | Lair:1   | Reached XP level 12. HP: 49/49 MP: 20/29
 21647 | Lair:1   | Found a radiant altar of Vehumet.
 22588 | Lair:2   | Learned a level 4 spell: Airstrike
 22622 | Lair:2   | Found a shimmering altar of Xom.
 22656 | Lair:2   | Found a hole to the Spider Nest.
 22668 | Lair:2   | Noticed an eight-headed hydra
 22681 | Lair:2   | Killed an eight-headed hydra
 22682 | Lair:2   | Reached skill level 5 in Hexes
 23049 | Lair:2   | Found a staircase to the Shoals.
 23646 | Lair:3   | Noticed Sonja
 23646 | Lair:3   | Noticed a six-headed hydra
 23932 | Lair:3   | Noticed an eight-headed hydra
 23936 | Lair:3   | Killed a six-headed hydra
 24196 | Lair:3   | Found a runed translucent door.
 24196 | Lair:3   | Noticed Dwad's ghost (journeyman HOFi)
 24200 | Lair:3   | Noticed a four-headed hydra
 24202 | Lair:3   | Noticed a six-headed hydra
 24205 | Lair:3   | Killed a six-headed hydra
 24205 | Lair:3   | Killed Sonja
 24413 | Lair:3   | Killed an eight-headed hydra
 24604 | Lair:3   | Killed a four-headed hydra
 24811 | Lair:3   | Noticed a catoblepas
 24865 | Lair:3   | Killed Dwad's ghost
 25058 | Lair:3   | Reached XP level 13. HP: 52/52 MP: 14/30
 25302 | Lair:3   | Identified Sif Muna's Disquisition on Transmigration and
                  | Calling
 25552 | Lair:3   | Identified the ring of Mounedal {rPois Will- Str-2 Int+8
                  | SInv}
 25596 | Lair:3   | Lost mutation: You are partially covered in iridescent
                  | scales. (AC +2) [potion of mutation]
 25596 | Lair:3   | Lost mutation: You are weak. (Str -2) [potion of mutation]
 25596 | Lair:3   | Gained mutation: Your muscles are strong. (Str +2) [potion
                  | of mutation]
 25596 | Lair:3   | Gained mutation: You are frail. (-10% HP) [potion of
                  | mutation]
 25966 | Lair:4   | Reached skill level 13 in Spellcasting
 26582 | Lair:4   | Reached **** piety under Sif Muna
 26955 | Lair:4   | Identified the +7 morningstar of Makhleb's Approval
                  | {vorpal, rElec Stlth+}
 27868 | Lair:5   | Reached skill level 5 in Fire Magic
 28576 | Lair:5   | Reached ***** piety under Sif Muna
 28936 | Lair:5   | Reached skill level 5 in Translocations
 29119 | Lair:6   | Entered Level 6 of the Lair of Beasts
 29151 | Lair:6   | Identified Sif Muna's Disquisition on the Rocks and
                  | Feathers (Sif Muna gifted it to you on level 6 of the Lair
                  | of Beasts)
 29151 | Lair:6   | Received a gift from Sif Muna
 29176 | Lair:6   | Reached XP level 14. HP: 30/51 MP: 0/32
 30291 | Lair:5   | Reached skill level 5 in Air Magic
 31019 | Lair:6   | Reached skill level 14 in Spellcasting
 31422 | Lair:6   | Learned a level 5 spell: Freezing Cloud
 32146 | Lair:6   | Found a runed translucent door.
 32308 | Lair:6   | Identified Kakomp's Compendium of Enchantment and
                  | Conjuration (Sif Muna gifted it to you on level 6 of the
                  | Lair of Beasts)
 32308 | Lair:6   | Received a gift from Sif Muna
 32842 | Lair:6   | Found a viscous altar of Jiyva.
 32844 | Lair:6   | Found a staircase to the Slime Pits.
 32948 | Lair:6   | Reached skill level 1 in Ice Magic
 34010 | D:12     | Found a staircase to the Orcish Mines.
 34067 | D:12     | Noticed Gastronok
 35042 | D:12     | Killed Nessos
 35473 | D:12     | Killed Gastronok
 35474 | D:12     | Reached XP level 15. HP: 54/54 MP: 4/34
 35684 | Orc:1    | Entered Level 1 of the Orcish Mines
 35694 | Orc:1    | Learned a level 7 spell: Orb of Destruction
 35717 | Orc:1    | Noticed Harold
 35866 | Orc:1    | Killed Harold
 36276 | Orc:1    | Found a shimmering blue altar of Sif Muna.
 36289 | Orc:1    | Identified Sif Muna's Reference Book on the Snowflakes
 36457 | Orc:2    | Entered Level 2 of the Orcish Mines
 36474 | Orc:2    | Noticed Azrael
 36766 | Orc:2    | Found a staircase to the Elven Halls.
 36797 | Orc:2    | Killed Azrael
 37376 | Orc:2    | Found Tiomy's Armour Shoppe.
 37507 | Orc:2    | Noticed an orc warlord
 37674 | Orc:2    | Killed an orc warlord
 38768 | Orc:2    | Received a gift from Sif Muna
 39427 | Orc:2    | Found Beqeiz's Antique Armour Boutique.
 39428 | Orc:2    | Found Mihi's Antique Weapon Shop.
 39437 | Orc:2    | Found Mocam's General Store.
 39437 | Orc:2    | Found Geelit's Book Boutique.
 40194 | Orc:1    | Reached skill level 15 in Spellcasting
 40731 | Spider:1 | Entered Level 1 of the Spider Nest
 40738 | Spider:1 | You fall into a shaft and drop 1 floor!
 40758 | Spider:2 | Slain by a jumping spider
 40759 | Spider:2 | Reached XP level 14. HP: -1/51 MP: 11/34
 40858 | Spider:2 | Slain by a redback
 40859 | Spider:2 | Reached XP level 13. HP: 0/46 MP: 2/33
 42467 | Spider:2 | Killed from afar by a meliai

Illustrated notes

Levels and vault maps discovered:
D:1:      amcnicky_arrival_underground_garden, layout_loops_ring,
          roderic_serpentine_path, minmay_pentomino_z2
D:2:      layout_loops_ring, minmay_goblin_outpost
D:3:      layout_rooms, uniq_crazy_yiuf_cottage, uniq_robin
D:4:      layout_gridville, kennysheep_mini, general_overflow_altar,
          minmay_temple_entry_waves
D:5:      layout_gridville, nicolae_yredelemnul_corpse_copse, okawaru_trees_1
D:6:      layout_cave_pods, nicolae_hepliaklqana_hazy_memory,
          nicolae_overflow_crystal_walls, hellmonk_ghost_happy_afterlife
D:7:      layout_cave_pools, tgw_kikubaaqudgha, gup_ossuary_entry_pyramid,
          chequers_serial_rivers_small_b, minivault_14,
          chequers_serial_rivers_small_a
D:8:      layout_cave_pools, lemuel_round_altar, amcnicky_altar_gilded,
          gammafunk_ghost_hive, uniq_grum, uniq_pikel, uniq_maggie
D:9:      kennysheep_spiral_hall, layout_irregular_city
D:10:     layout_basic, dpeg_lair_monsters, uniq_urug
D:11:     layout_cave_pools, portal_ice_cave_entry_ice_beasts
D:12:     layout_loops_ring, david_orc_1_choice, uniq_frances, uniq_nessos,
          uniq_gastronok, uniq_snorg
D:13:     layout_loops_ring
Temple:   dshaligram_water_room_temple
Lair:1:   layout_cave_pods, basic_altar, serial_bayou_pond_b,
          guppyfry_lair_drakes, grunt_megastairs_3
Lair:2:   layout_chaotic_city, shoals_dummy_entry, spider_nest_entry_webs,
          basic_altar
Lair:3:   layout_chaotic_city, gammafunk_ghost_grave, serial_bayou_shore_a,
          uniq_sonja
Lair:4:   layout_regular_city, chequers_serial_rivers_marsh,
          kennysheep_abandoned_house, serial_bayou_shore_b,
          infiniplex_staircase_pool_2
Lair:5:   layout_gridlike, serial_rivers, chequers_serial_rivers_room_b,
          chequers_serial_rivers_room_b, chequers_serial_rivers_small_3,
          chequers_serial_rivers_large_a
Lair:6:   grunt_lair_end_beastmaster, layout_concentric_octagons, slime_altar_2
Spider:1: layout_spider_delve
Spider:2: layout_spider_delve
Orc:1:    layout_caves, basic_altar, led_sif_book, uniq_harold
Orc:2:    st_orc_congregation, layout_diamond_mine, serial_shops, shop,
          uniq_azrael

Skill      XL: |  1  2  3  4  5  6  7  8  9 10 11 12 13 14 15 |
---------------+----------------------------------------------+-----
Conjurations   | 4 5 6 7 9 10 12 13 14 | 14.9
Dodging        | 3 4 5 6 8 9 |  9.1
Stealth        | 3 4 5 6 8 |  8.2
Spellcasting   | 3 4 5 7 8 9 12 13 14 15 | 15.2
Unarmed Combat | 1 2 3 4 |  4.8
Fighting       | 1 2 3 4 |  4.3
Invocations    | 1 3 5 6 7 |  7.0
Translocations | 2 3 5 |  5.7
Hexes          | 2 4 5 6 |  6.0
Air Magic      | 4 6 5 |  6.0
Evocations     | 1 |  1.3
Fire Magic     | 4 2 5 6 7 |  7.6
Transmutations | 1 |  1.0
Poison Magic   | 1 |  1.1
Ice Magic      | 2 |  2.8

Action                   |  1- 3 |  4- 6 |  7- 9 | 10-12 | 13-15 || total
-------------------------+-------+-------+-------+-------+-------++-------
Melee: Unarmed           |    40 |    39 |     8 |    52 |   197 ||   336
       Bite              |     2 |     3 |     1 |     3 |    19 ||    28
       Punch             |       |       |       |       |     8 ||     8
 Cast: Magic Dart        |   107 |    79 |    29 |    92 |   230 ||   537
       Searing Ray       |     1 |    18 |    50 |   134 |    54 ||   257
       Dazzling Flash    |       |     1 |     3 |     3 |       ||     7
       Iskenderun's Myst |       |       |     3 |    55 |    98 ||   156
       Fulminant Prism   |       |       |       |   128 |    40 ||   168
       Mephitic Cloud    |       |       |       |    30 |   162 ||   192
       Sticky Flame      |       |       |       |    19 |    17 ||    36
       Ignite Poison     |       |       |       |    12 |    46 ||    58
       Fireball          |       |       |       |     7 |    68 ||    75
       Conjure Flame     |       |       |       |     1 |     1 ||     2
       Airstrike         |       |       |       |     4 |     6 ||    10
       Orb of Destructio |       |       |       |       |    21 ||    21
       Freezing Cloud    |       |       |       |       |    18 ||    18
       Shock             |       |       |       |       |     1 ||     1
Invok: Channel Magic     |       |       |     1 |     8 |     6 ||    15
       Forget Spell      |       |       |       |     1 |       ||     1
Evoke: Wand              |       |       |     1 |     5 |    11 ||    17
  Use: Scroll            |       |       |     5 |    16 |     9 ||    30
       Potion            |       |       |    10 |     7 |    11 ||    28
 Stab: Sleeping          |     3 |     1 |     1 |     3 |     3 ||    11
       Paralysed         |       |       |     1 |       |       ||     1
       Invisible         |       |       |       |     1 |       ||     1
       Confused          |       |       |       |     1 |    30 ||    31
       Petrified         |       |       |       |       |     1 ||     1
Armor: Skin              |     8 |    18 |     6 |    50 |    36 ||   118
Dodge: Dodged            |    46 |    59 |    47 |   321 |   276 ||   749

Table legend: (Time is in decaauts)
 A = Elapsed time spent in this place.
 B = Non-inter-level travel time spent in this place.
 C = Inter-level travel time spent in this place.
 D = Time resting spent in this place.
 E = Time spent auto-exploring this place.
 F = Levels seen in this place.
 G = Mean time per level.
                   A        B        C        D        E       F      G
               +--------+--------+--------+--------+--------+-----+--------+
         Total |  38868 |  38339 |    529 |  15269 |  12972 |  26 | 1494.9 |
       Dungeon |  16644 |  16306 |    338 |   5039 |   6346 |  13 | 1280.3 |
        Temple |     27 |     27 |      0 |      0 |      0 |   1 |   27.0 |
          Lair |  11915 |  11762 |    153 |   5315 |   3904 |   6 | 1985.8 |
   Spider Nest |   1573 |   1557 |     16 |    655 |    466 |   2 |  786.5 |
  Orcish Mines |   4426 |   4405 |     21 |   1503 |   1653 |   2 | 2213.0 |
       Ossuary |    268 |    268 |      0 |    248 |      0 |   1 |  268.0 |
      Ice Cave |   4011 |   4011 |      0 |   2507 |    602 |   1 | 4011.0 |
               +--------+--------+--------+--------+--------+-----+--------+

Top non-repeatable levels by time:
   IceCv: 4011 daAuts
   Orc:2: 3179 daAuts
  Lair:6: 2766 daAuts
  Lair:5: 2503 daAuts
    D:12: 2092 daAuts
     D:9: 1921 daAuts
    D:11: 1880 daAuts
  Lair:2: 1799 daAuts
  Lair:4: 1686 daAuts
  Lair:3: 1654 daAuts
  Lair:1: 1504 daAuts
     D:8: 1412 daAuts
Spider:1: 1408 daAuts
     D:2: 1344 daAuts
     D:7: 1341 daAuts
